 Dungeon Crawl Stone Soup version 0.29.1-13-g9f3cf754e1 (webtiles) character file.

Game seed: 14084395133710598473

1832 zlionsfan the Summoner (level 9, -2/48 HPs)
             Began as a Tengu Summoner on Feb 1, 2023.
             Slain by a water moccasin (7 damage)
             ... on level 7 of the Dungeon on Feb 2, 2023.
             The game lasted 00:35:23 (7773 turns).

zlionsfan the Summoner (Tengu Summoner)             Turns: 7773, Time: 00:35:23

Health: -2/48      AC:  8    Str:  8    XL:     9   Next: 11%
Magic:  18/19      EV: 15    Int: 19    God:
Gold:   79         SH:  6    Dex: 16    Spells: 12/20 levels left

rFire   . . .      SeeInvis .   a - +1 dagger (drain)
rCold   . . .      Faith    .   e - +2 buckler {AC+3}
rNeg    . . .      Spirit   .   q - +2 robe
rPois   .          Reflect  .   (helmet restricted)
rElec   .          Harm     .   d - +0 cloak
rCorr   .          Rampage  .   (no gloves)
Will    .....                   (boots unavailable)
Stlth   ++........              (no amulet)
HPRegen 0.16/turn               (no ring)
MPRegen 0.16/turn               (no ring)

@: about to teleport, flying quickly and evasively, quick
A: beak, talons 3, nimble flight
a: no special abilities


You were on level 7 of the Dungeon.
You visited 1 branch of the dungeon, and saw 7 of its levels.

You collected 302 gold pieces.
You spent 223 gold pieces at shops.

Inventory:

Hand Weapons
 a - a +1 dagger of draining (weapon)
 b - a +1 vorpal sling
 i - a +0 short sword
Missiles
 g - 5 javelins (quivered)
Armour
 d - a +0 cloak (worn)
 e - a +2 buckler of protection (worn)
 q - a +2 robe (worn)
Scrolls
 h - a scroll of enchant armour {unknown}
 m - a scroll of fear {unknown}
Potions
 c - 3 potions of brilliance
 f - 2 potions of might
 k - a potion of heal wounds {unknown}
 l - a potion of magic
 n - a potion of resistance
 r - a potion of cancellation


   Skills:
 + Level 1.8 Fighting
 * Level 4.7 Short Blades
 + Level 2.1 Ranged Weapons
 + Level 1.1 Throwing
 + Level 3.0 Dodging
 + Level 2.9 Stealth
 + Level 0.1 Shields
 * Level 6.4 Spellcasting
 * Level 9.3 Summonings
 + Level 0.9 Necromancy


You had 12 spell levels left.
You knew the following spells:

 Your Spells              Type           Power      Damage    Failure   Level
a - Summon Small Mammal   Summ           100%       N/A       1%          1
b - Call Imp              Summ           41%        N/A       1%          2
c - Apportation           Tloc           12%        N/A       14%         1
d - Necrotise             Necr           36%        1d5       10%         1
e - Magic Dart            Conj           24%        1d4       14%         1
f - Searing Ray           Conj           12%        2d4       22%         2

Your spell library contained the following spells:

 Spells                   Type           Power      Damage    Failure   Level
 Call Canine Familiar     Summ           41%        N/A       1%          3
 Summon Guardian Golem    Hex/Summ       23%        N/A       6%          3
 Ensorcelled Hibernation  Hex/Ice        12%        N/A       22%         2
 Passwall                 Tmut/Erth      5%         N/A       22%         2
 Summon Lightning Spire   Summ/Air       23%        N/A       22%         4
 Gell's Gravitas          Tloc           6%         N/A       41%         3
 Swiftness                Air            6%         N/A       41%         3
 Teleport Other           Tloc           6%         N/A       41%         3
 Fulminant Prism          Conj/Hex       3%         3d6       82%         4
 Dispersal                Tloc           3%         N/A       100%        6


Dungeon Overview and Level Annotations

Branches:
Dungeon (7/15)
 Temple: D:4-7

Altars:
Ru
Trog
Uskayaw

Shops:
D:1 [*


Innate Abilities, Weirdness & Mutations

You have a beak for a mouth.
You have claws for feet.
Your magical nature lets you fly swiftly and evasively.


Message History

It was a potion of flight.
You feel more buoyant.
Your surroundings suddenly seem different.
You feel sick. 2 slime creatures come into view.
Found a potion of lignification.
You feel sick.
The slime creature quivers.
A slime creature comes into view.
The slime creature moves out of view.
As you read the scroll of butterflies, it crumbles to dust.
You hear the tinkle of a tiny bell.
You feel sick. Something barely misses your quokka.
A gnoll comes into view. It is wielding a +0 club.
The gnoll sergeant barely misses your butterfly.
The gnoll completely misses you.
A water moccasin comes into view.
You feel sick.
You are no longer poisoned.
The gnoll misses your butterfly.
A slime creature comes into view.
Something stings your quokka.
Your quokka dies!
Your quokka's corpse disappears in a puff of smoke!
You swap places.
A bullfrog comes into view.
The black bear barely misses your butterfly.
The black bear closely misses your butterfly.
The black bear barely misses your butterfly.
The killer bee stings your butterfly!
Your butterfly dies!
Your butterfly disappears in a burst of colours!
The killer bee stings your butterfly.
Your butterfly dies!
Your butterfly disappears in a burst of colours!
A slime creature comes into view.
The killer bee misses your crimson imp.
Something barely misses your crimson imp.
As you read the scroll of teleportation, it crumbles to dust.
You feel strangely unstable. The water moccasin bites you!
You die...

. ....# ..#.......... ...##### ..
.....#......!.J...###.......# .#
#.... ...............##g.....#
.##.... ...........J............
.....# ........b...##..........
.....###........J#.#.##..#.......
................b#b#.#...#<......
.................h...g.b####..y..
>.h.............@#.b.#5y#..#yy.##
r..S...........$S#hb.#.b§y...y##
#....!....#.....Fb.....†...y###
#>..........[...............#
..#.............#b......#####
...............##.......#
###.............$.......# .
....................# ..
.................#.#


You could see 3 slime creatures, a water moccasin, a black bear (ally target), a
gnoll sergeant (ally target) and a bullfrog.

Vanquished Creatures
  A wyvern (D:7)
  2 ice beasts (D:6)
  A centaur (D:5)
  A bullfrog (D:7)
  A necrophage (D:6)
  2 hounds
  A jelly (D:6)
  Natasha (thrice) (D:2)
  2 iguanas
  An orc wizard (D:5)
  A gnoll (D:5)
  3 adders
  A shadow imp (D:5)
  A white imp (D:6)
  A worm (D:3)
  An orc (D:5)
  3 ball pythons
  5 bats
  3 endoplasms
  2 goblins
  2 hobgoblins
  5 jackals
  3 kobolds
  A frilled lizard (D:2)
  4 rats
51 creatures vanquished.

Vanquished Creatures (collateral kills)
  3 ogres
  A centaur (D:6)
  2 bullfrogs (D:6)
  A scorpion (D:5)
  A howler monkey (D:5)
  A jelly (D:6)
  An orc priest (D:5)
  4 hounds
  Terence (D:2)
  3 gnolls
  10 adders
  A white imp (D:5)
  2 worms
  2 dart slugs
  7 orcs
  6 ball pythons
  5 endoplasms
  2 giant cockroaches
  7 goblins
  11 hobgoblins
  A jackal (D:3)
  A quokka (D:4)
  A bat (D:1)
  2 frilled lizards
  4 kobolds
  4 rats (D:1)
84 creatures vanquished.

Grand Total: 135 creatures vanquished

Notes
Turn   | Place    | Note
-------+----------+-------------------------------------------
     0 | D:1      | zlionsfan the Tengu Summoner began the quest for the Orb.
     0 | D:1      | Reached XP level 1. HP: 10/10 MP: 4/4
   115 | D:1      | Reached skill level 5 in Summonings
   277 | D:1      | Reached XP level 2. HP: 15/15 MP: 4/6
   295 | D:1      | Learned a level 2 spell: Call Imp
   590 | D:1      | Found Icarek's Armour Shoppe.
   619 | D:1      | Reached XP level 3. HP: 19/19 MP: 4/7
   621 | D:1      | Bought a +0 cloak for 58 gold pieces
   811 | D:1      | Found Riatofre's Assorted Antiques.
  1238 | D:2      | Noticed Terence
  1288 | D:2      | Noticed Natasha
  1644 | D:2      | Reached XP level 4. HP: 24/24 MP: 4/9
  1702 | D:2      | Reached skill level 6 in Summonings
  2633 | D:3      | Found a faded altar of an unknown god.
  2678 | D:4      | Gained mutation: Your magical nature lets you fly swiftly
                  | and evasively. [Tengu growth]
  2678 | D:4      | Reached XP level 5. HP: 27/28 MP: 4/10
  2704 | D:4      | Noticed a water moccasin
  2872 | D:4      | Noticed an ogre
  2905 | D:4      | Reached skill level 1 in Short Blades
  3199 | D:4      | Learned a level 1 spell: Apportation
  3201 | D:4      | Learned a level 1 spell: Necrotise
  3285 | D:4      | Killed an ogre
  3286 | D:4      | Reached XP level 6. HP: 33/33 MP: 5/12
  3629 | D:5      | Entered Level 5 of the Dungeon
  3793 | D:5      | Reached skill level 7 in Summonings
  3871 | D:5      | Found a sacrificial altar of Ru.
  3882 | D:5      | Found a bloodstained altar of Trog.
  4083 | D:1      | Bought a +2 robe for 165 gold pieces
  4120 | D:2      | Killed Terence
  4149 | D:2      | Killed Natasha
  4195 | D:2      | Noticed Natasha
  4204 | D:2      | Killed Natasha
  4715 | D:2      | Noticed Natasha
  4732 | D:2      | Killed Natasha
  4951 | D:5      | Reached XP level 7. HP: 32/37 MP: 10/14
  5253 | D:5      | Noticed a +0 dagger
  5254 | D:5      | Found a hide-covered altar of Uskayaw.
  5254 | D:5      | Noticed a +0 dagger
  5612 | D:5      | Reached skill level 1 in Throwing
  5981 | D:5      | Reached skill level 5 in Spellcasting
  6256 | D:6      | Reached skill level 8 in Summonings
  6256 | D:6      | Reached XP level 8. HP: 37/42 MP: 11/16
  6544 | D:6      | Reached skill level 1 in Fighting
  6669 | D:6      | Reached skill level 1 in Ranged Weapons
  6914 | D:6      | Reached skill level 9 in Summonings
  7257 | D:6      | Learned a level 1 spell: Magic Dart
  7260 | D:6      | Learned a level 2 spell: Searing Ray
  7261 | D:6      | Identified a scroll of acquirement
  7263 | D:6      | Acquired a +2 buckler of protection
  7661 | D:7      | Noticed a wyvern
  7697 | D:7      | Reached XP level 9. HP: 47/48 MP: 15/19
  7773 | D:7      | Slain by a water moccasin

Illustrated notes

Levels and vault maps discovered:
D:1:      dpeg_arrival_pits, layout_loops_ring, serial_shops,
          nicolae_shop_crystal, nicolae_diamond_shop
D:2:      layout_basic, uniq_natasha, uniq_terence
D:3:      cheibrodos_greedy_goblins, layout_loops_ring,
          shapermc_ecumenical_altar_petra
D:4:      layout_loops_ring
D:5:      layout_basic, dancing_weapons_uskayaw, bloody_trog,
          lemuel_crystal_altar
D:6:      layout_loops_ring, serial_bayou_pond_d, nicolae_elevator_lobby_plus
D:7:      layout_cave_pools, minitemple, minmay_temple_entry_trees,
          hangedman_abyss_or_decor_passed

Skill      XL: |  1  2  3  4  5  6  7  8  9 |
---------------+----------------------------+-----
Summonings     | 5 6 7 8 9 |  9.3
Short Blades   | 1 3 4 |  4.7
Spellcasting   | 3 4 5 6 |  6.4
Throwing       | 1 |  1.1
Fighting       | 1 |  1.8
Ranged Weapons | 1 2 |  2.1
Dodging        | 3 |  3.0
Stealth        | |  2.9
Shields        | |  0.1
Necromancy     | |  0.9

Action                   |  1- 3 |  4- 6 |  7- 9 || total
-------------------------+-------+-------+-------++-------
Melee: Dagger            |     1 |    40 |    63 ||   104
       Short sword       |    18 |    16 |       ||    34
       Kick              |     2 |    12 |    18 ||    32
       Peck              |     2 |     7 |    13 ||    22
       Punch             |       |       |     1 ||     1
 Fire: Sling             |       |     5 |    25 ||    30
Throw: Javelin           |       |       |     5 ||     5
 Cast: Summon Small Mamm |    41 |    49 |    54 ||   144
       Call Imp          |     6 |    30 |    23 ||    59
       Necrotise         |       |    10 |     6 ||    16
  Use: Potion            |     1 |     4 |     6 ||    11
       Scroll            |     1 |     2 |     9 ||    12
 Stab: Sleeping          |     4 |     5 |     2 ||    11
       Distracted        |       |     1 |     2 ||     3
Armor: Robe              |     8 |    25 |    33 ||    66
       Skin              |       |    40 |       ||    40
Dodge: Dodged            |    18 |    60 |   111 ||   189
Block: Buckler           |       |       |     6 ||     6
